 Dungeon Crawl Stone Soup version 0.32-a0-953-g508020473e (webtiles) character file.

Game seed: 2824132119905059771

3361 Autsider the Trooper (level 10, 0/55 HPs)
             Began as a Vine Stalker Warper on Apr 16, 2024.
             Was a Priest of Okawaru.
             Slain by an acid dragon (4 damage)
             ... on level 8 of the Dungeon.
             The game lasted 00:18:48 (5714 turns).

Autsider the Trooper (Vine Stalker Warper)          Turns: 5714, Time: 00:18:48

Health: 0/55       AC:  6    Str: 13    XL:     10   Next: 3%
Magic:  0/17       EV:  9    Int: 13    God:    Okawaru [***...]
Gold:   304        SH: 10    Dex: 19    Spells: 13/17 levels left

rFire   . . .        w - +0 dagger (venom)
rCold   . . .        a - +0 buckler
rNeg    . . .        L - +3 ring mail {rPois}
rPois   +            y - +0 helmet
rElec   .            (no cloak)
rCorr   .            q - +0 pair of gloves
SInv    +            (no boots)
Will    +....        E - amulet of reflection
Stlth   ++           p - ring of see invisible
HPRegen 1.09/turn    (no ring)
MPRegen 0.15/turn

%: reflection, guardian spirit
@: corroded
A: fangs 3, regeneration 1, magic shield, antimagic bite, no potion heal 2
a: Renounce Religion, Heroism


You were on level 8 of the Dungeon.
You worshipped Okawaru.
Okawaru was most pleased with you.
You visited 2 branches of the dungeon, and saw 9 of its levels.

You collected 304 gold pieces.

Inventory:

Hand Weapons
 w - a +0 dagger of venom (weapon)
 I - a +1 short sword of protection
 O - a +1 vampiric dagger
Missiles
 d - 7 darts of dispersal (quivered)
 m - 4 javelins
 u - 18 poisoned darts
 N - 2 curare-tipped darts
Armour
 a - a +0 buckler (worn)
 o - the +1 ring mail of Birdsong {Dex+2}
   (You found it on level 6 of the Dungeon)

   Dex+2:     It affects your dexterity (+2).
 q - a +0 pair of gloves (worn)
 x - a +2 robe
 y - a +0 helmet (worn)
 D - a +1 robe of cold resistance
 L - a +3 ring mail of poison resistance (worn)
Jewellery
 p - a ring of see invisible (left hand)
 E - an amulet of reflection (around neck)
Talismans
 r - a storm talisman
Wands
 C - a wand of flame (28)
 F - a wand of digging (7)
 K - a wand of quicksilver (8)
Scrolls
 b - 2 scrolls of amnesia {unknown}
 c - 3 scrolls of blinking
 f - 2 scrolls of teleportation {unknown}
 h - a scroll of enchant armour {unknown}
 i - a scroll of revelation
 j - a scroll of vulnerability {unknown}
 k - 2 scrolls of butterflies
 l - a scroll of fog {unknown}
 s - 3 scrolls of poison
 J - a scroll of identify {@r1}
 M - a scroll of fear {unknown}
Potions
 e - 2 potions of invisibility
 g - a potion of curing {unknown}
 n - a potion of attraction {unknown}
 t - 2 potions of berserk rage
 v - 3 potions of lignification {unknown}
 z - 2 potions of resistance {unknown}
 A - 3 potions of magic
 B - a potion of cancellation {unknown}
 G - a potion of haste {unknown}
 H - a potion of brilliance {unknown}


   Skills:
 + Level 7.1 Fighting
 + Level 6.9 Short Blades
 - Level 0.8 Throwing
 + Level 1.9 Armour
 - Level 1.5 Dodging
 - Level 4.0 Stealth
 + Level 4.5 Shields
 - Level 4.0 Spellcasting
 - Level 4.0 Translocations
 + Level 4.2 Invocations


You had 13 spell levels left.
You knew the following spells:

 Your Spells              Type           Power      Damage    Failure   Level
a - Lesser Beckoning      Tloc           26%        N/A       17%         2
z - Blink                 Tloc           26%        N/A       17%         2

Your spell library contained the following spells:

 Spells                   Type           Power      Damage    Failure   Level
 Maxwell's Portable Pile  Tloc           13%        2d(6-17)  32%         3
 Teleport Other           Tloc           13%        N/A       32%         3
 Foxfire                  Conj/Fire      8%         2x1d4     50%         1
 Shock                    Conj/Air       8%         1d3       50%         1
 Inner Flame              Hex/Fire       2%         N/A       86%         3
 Swiftness                Air            2%         N/A       86%         3
 Dimensional Bullseye     Hex/Tloc       3%         N/A       94%         4
 Iskenderun's Mystic Bla Conj/Tloc 7%             2d4        (+2d1     94%         4
 Vhi's Electric Charge    Tloc/Air       14%        N/A       94%         4
 Airstrike                Air            1%         2d(1-17)  99%         4
 Flame Wave               Conj/Fire      2%         2d4       99%         4
 Sticky Flame             Fire/Alch      2%         2d4       99%         4
 Plasma Beam              Fire/Air       1%         2x1d11    100%        6
 Starburst                Conj/Fire      1%         6d3       100%        6
 Tukima's Dance           Hex            Unusable   N/A       N/A         3

Dungeon Overview and Level Annotations

Branches:
Dungeon (8/15)             Temple (1/1) D:5
   Lair: D:8-11

Altars:
Ashenzari
Dithmenos
Elyvilon
Gozag
Hepliaklqana
Kikubaaqudgha
Okawaru
Qazlal
Ru
Trog
Uskayaw
Vehumet
Wu Jian
Yredelemnul
Zin
The Shining One

Annotations:
D:1 exclusion: downstairs
D:4 exclusion: downstairs


Innate Abilities, Weirdness & Mutations

You have razor-sharp teeth.
Your natural rate of healing is unusually fast.
When hurt, damage is shared between your health and your magic reserves.
Your bite disrupts and absorbs the magic of your enemies.
Potions cannot restore your health.


Message History

An acid dragon comes into view.
The centaur warrior shouts!
The acid dragon spits acid at you. The splash of acid hits you!!
The acid corrodes you!
There is an open door here.
You are too injured to fight recklessly!
You are too injured to fight recklessly!
You are too injured to fight recklessly!
You are too injured to fight recklessly!
You are too injured to fight recklessly!
You are too injured to fight recklessly!
You are too injured to fight recklessly!
You are too injured to fight recklessly!
You are too injured to fight recklessly!
You are too injured to fight recklessly!
Found 8 gold pieces.
You block the acid dragon's attack. The acid dragon claws you.
You closely miss the acid dragon.
You bite the acid dragon, but do no damage.
The centaur warrior wields a +0 shortbow.
The centaur warrior shoots an arrow.
The arrow hits you!
* * * LOW HITPOINT WARNING * * *
The acid dragon spits acid at you.
You block the splash of acid... and reflect it back!
The splash of acid hits the acid dragon.
You hit the acid dragon but do no damage.
The acid dragon is poisoned.
Your bite misses the acid dragon.
The acid dragon is lightly wounded.
The centaur warrior shoots an arrow.
The arrow hits you!
* * * LOW HITPOINT WARNING * * *
The acid dragon closely misses you.
The acid dragon claws you but does no damage.
You hit the acid dragon but do no damage.
You bite the acid dragon. You drain its power.
You feel invigorated.
The acid dragon is lightly wounded.
The centaur warrior shoots an arrow.
The arrow hits you!!
* * * LOW HITPOINT WARNING * * *
The acid dragon attacks as it pursues you!
You block the acid dragon's attack. The acid dragon claws you.
You die...

#...###.##.##.###)...(.
##......###.###....#####
#.......##...##....#
#....#..#.....#..#.#
#....##...#.#.).##.#
#....####...###.##.#
#....# ##'#........#
####.#####ß.##########
#.<..##cD@..'..#
#.####..ß#..#ß..# #.#
#.########.# #.# #' [($
$[# # #.# # ###+####.
#.# .. ..# #.# ## ## ###


You could see a centaur warrior and an acid dragon (poisoned, catching breath).

Vanquished Creatures
  A cyclops (D:8)
  Joseph (D:7)
  Grinder (D:3)
  Sigmund (D:4)
  A steam dragon (D:7)
  Edmund (D:4)
  A water moccasin (D:7)
  An orc warrior (D:7)
  2 centaurs
  3 ogres
  2 kobold brigands
  A bullfrog (D:6)
  A gnoll sergeant (D:8)
  5 scorpions
  A howler monkey (D:8)
  4 bombardier beetles
  A crimson imp (D:4)
  2 jellies
  2 hounds
  2 orc priests
  Jessica (D:2)
  3 sleepcaps
  2 iguanas (D:6)
  4 orc wizards
  Robin (D:2)
  10 adders
  2 white imps
  A dart slug (D:4)
  2 ribbon worms
  30 orcs
  3 ball pythons (D:1)
  4 bats
  8 endoplasms
  A giant cockroach (D:4)
  13 goblins
  8 hobgoblins
  A quokka (D:1)
  A frilled lizard (D:2)
  A goblin skeleton (D:4)
  A goblin zombie (D:4)
  3 hobgoblin zombies (D:4)
  17 kobolds
  2 kobold zombies (D:4)
  3 orc skeletons (D:4)
  2 orc zombies (D:4)
  3 rats
161 creatures vanquished.

Vanquished Creatures (others)
  An orc wizard (D:7)
1 creature vanquished.

Grand Total: 162 creatures vanquished

Notes
Turn   | Place    | Note
-------+----------+-------------------------------------------
     0 | D:1      | Autsider the Vine Stalker Warper began the quest for the
                  | Orb.
     0 | D:1      | Reached XP level 1. HP: 11/11 MP: 4/4
   195 | D:1      | Reached skill level 2 in Fighting
   213 | D:1      | Reached skill level 1 in Stealth
   213 | D:1      | Reached XP level 2. HP: 13/15 MP: 4/6
   854 | D:2      | Noticed Robin
   867 | D:1      | Reached XP level 3. HP: 18/18 MP: 7/7
  1348 | D:2      | Noticed Jessica
  1359 | D:2      | Killed Jessica
  1360 | D:2      | Reached XP level 4. HP: 12/23 MP: 8/8
  1656 | D:2      | Found an ancient bone altar of Kikubaaqudgha.
  1672 | D:2      | Killed Robin
  1673 | D:2      | Reached skill level 3 in Fighting
  2046 | D:3      | Noticed Grinder
  2108 | D:3      | Killed Grinder
  2109 | D:3      | Reached skill level 1 in Shields
  2109 | D:3      | Reached XP level 5. HP: 21/28 MP: 7/9
  2109 | D:3      | Reached XP level 6. HP: 24/32 MP: 7/10
  2203 | D:3      | Found a bloodstained altar of Trog.
  2469 | D:4      | Found an opulent altar of Gozag.
  2521 | D:4      | Found an iron altar of Okawaru.
  2588 | D:4      | Noticed Edmund
  2671 | D:4      | Noticed Sigmund
  2675 | D:4      | Killed Sigmund
  2676 | D:4      | Reached skill level 4 in Fighting
  2676 | D:4      | Reached XP level 7. HP: 37/37 MP: 11/11
  2803 | D:4      | Found a sacrificial altar of Ru.
  2918 | D:4      | Found a white marble altar of Elyvilon.
  3052 | D:4      | Found a glowing golden altar of the Shining One.
  3058 | D:4      | You fall into a shaft and drop 1 floor!
  3058 | D:5      | Entered Level 5 of the Dungeon
  3066 | D:5      | Gained mutation: You have razor-sharp teeth. [Vine Stalker
                  | growth]
  3066 | D:5      | Reached XP level 8. HP: 42/42 MP: 12/12
  3102 | D:4      | Learned a level 2 spell: Blink
  3105 | D:4      | Learned a level 2 spell: Lesser Beckoning
  3478 | D:4      | Killed Edmund
  3479 | D:4      | Reached skill level 5 in Fighting
  3521 | D:4      | Became a worshipper of Warmaster Okawaru
  3550 | D:4      | Reached skill level 5 in Short Blades
  3733 | D:5      | Reached * piety under Okawaru
  3857 | D:5      | Found a staircase to the Ecumenical Temple.
  3862 | Temple   | Entered the Ecumenical Temple
  4188 | D:6      | Identified the +1 ring mail of Birdsong {Dex+2}
  4307 | D:6      | Reached XP level 9. HP: 48/48 MP: 15/15
  4335 | D:6      | Reached skill level 1 in Invocations
  4718 | D:7      | Found an ornate altar of the Wu Jian Council.
  4782 | D:7      | Reached skill level 6 in Fighting
  4896 | D:7      | Reached ** piety under Okawaru
  5011 | D:7      | Noticed Joseph
  5022 | D:7      | Killed Joseph
  5274 | D:8      | Noticed a cyclops
  5274 | D:8      | Noticed a death knight
  5281 | D:8      | Reached skill level 1 in Armour
  5501 | D:8      | Killed a cyclops
  5501 | D:8      | Reached *** piety under Okawaru
  5502 | D:8      | Reached skill level 7 in Fighting
  5502 | D:8      | Reached XP level 10. HP: 28/55 MP: 9/17
  5706 | D:8      | Noticed a centaur warrior
  5707 | D:8      | Noticed a gargoyle
  5714 | D:8      | Slain by an acid dragon

Illustrated notes

Levels and vault maps discovered:
D:1:      sevenhm_arrival_forest_fort_small_5, layout_basic, st_stairs_10
D:2:      layout_basic, basic_altar, dk_noncrumbling_4, uniq_robin, uniq_jessica
D:3:      layout_rooms, lemuel_tele_altar, chequers_serial_rivers_room_a,
          uniq_grinder
D:4:      layout_basic, nicolae_tso_besieged_by_evil, elyvilon_altar_5,
          okawaru_trees_2, mainiacjoe_overflow_six_doors_small,
          grunt_gozag_breadcrumbs, uniq_sigmund, uniq_edmund
D:5:      minmay_angry_zag, layout_cave_pools, minmay_temple_entry_nine_rooms
D:6:      layout_loops_ring
D:7:      layout_rooms, nicolae_overflow_hidden_temple, uniq_joseph
D:8:      minmay_chambers_of_sixes, layout_basic,
          mainiacjoe_overflow_small_starburst, kb_rosetta, uniq_grum
Temple:   hellmonk_temple_beads

Skill      XL: |  1  2  3  4  5  6  7  8  9 |
---------------+----------------------------+-----
Fighting       | 2 3 4 5 7 |  7.1
Short Blades   | 2 3 4 5 6 |  6.9
Stealth        | 1 2 4 |  4.0
Shields        | 1 2 3 4 |  4.5
Spellcasting   | 3 4 |  4.0
Translocations | 4 |  4.0
Invocations    | 4 |  4.2
Armour         | 1 |  1.9
Throwing       | |  0.8
Dodging        | |  1.5

Action                     |  1- 3 |  4- 6 |  7- 9 | 10-12 || total
---------------------------+-------+-------+-------+-------++-------
  Melee: Short sword       |    97 |       |       |       ||    97
         Bite              |    28 |    37 |   185 |     8 ||   258
         Dagger            |       |   115 |   404 |    17 ||   536
 Invoke: Heroism           |       |       |     1 |       ||     1
    Use: Scroll            |       |       |     7 |       ||     7
   Stab: Sleeping          |     4 |     4 |     7 |       ||    15
 Armour: Leather armour    |    54 |       |       |       ||    54
         Robe              |       |    51 |    45 |       ||    96
         Ring mail         |       |       |    70 |    10 ||    80
  Dodge: Dodged            |    40 |    46 |   114 |     2 ||   202
  Block: Buckler           |       |    15 |   137 |     6 ||   158
         Reflection        |       |       |     4 |     1 ||     5

Table legend: (Time is in decaauts)
 A = Elapsed time spent in this place.
 B = Non-inter-level travel time spent in this place.
 C = Inter-level travel time spent in this place.
 D = Time resting spent in this place.
 E = Time spent auto-exploring this place.
 F = Levels seen in this place.
 G = Mean time per level.
                   A        B        C        D        E       F      G
               +--------+--------+--------+--------+--------+-----+--------+
         Total |   5592 |   5287 |    305 |     50 |   3854 |   9 |  621.3 |
       Dungeon |   5590 |   5285 |    305 |     50 |   3854 |   8 |  698.8 |
        Temple |      1 |      1 |      0 |      0 |      0 |   1 |    1.0 |
               +--------+--------+--------+--------+--------+-----+--------+

Top non-repeatable levels by time:
     D:2: 1053 daAuts
     D:4: 1041 daAuts
     D:1: 894 daAuts
     D:6: 591 daAuts
     D:5: 578 daAuts
     D:7: 516 daAuts
     D:3: 492 daAuts
     D:8: 421 daAuts
  Temple: 1 daAuts
